 Dungeon Crawl Stone Soup version 0.24.0-37-gcf1ca852f1 (webtiles) character file.

Game seed: 1765593726071092060, levelgen mode: deterministic

306 Heliosone the Sneak (level 6, 0/51 HPs)
             Began as a Naga Transmuter on Nov 23, 2019.
             Slain by a mummy (19 damage)
             ... in an ossuary.
             The game lasted 00:10:26 (5300 turns).

Heliosone the Sneak (Naga Transmuter)               Turns: 5300, Time: 00:10:26

Health: 0/51       AC:  2    Str: 13    XL:     6   Next: 39%
Magic:  4/9        EV: 19    Int: 15    God:
Gold:   128        SH:  0    Dex: 16    Spells: 3/9 levels left

rFire    . . .     SeeInvis +     - Unarmed
rCold    . . .     Gourm    .   (shield currently unavailable)
rNeg     . . .     Faith    .   (armour currently unavailable)
rPois    x         Spirit   .   (helmet currently unavailable)
rElec    .         Reflect  .   (cloak currently unavailable)
rCorr    .         Harm     .   (gloves currently unavailable)
MR       .....                  (no barding)
Stlth    +++.......             (no amulet)
HPRegen  0.17/turn              (no ring)
MPRegen  0.11/turn              (no ring)

@: spider-form (expiring)
A: tiny, see invisible, slow metabolism 1, spit poison 1, AC +2
a: Spit Poison, End Transformation


You were in an ossuary.
You were not hungry.
You were a venomous arachnid creature.
You visited 1 branch of the dungeon, and saw 4 of its levels.
You also visited: Ossuary.

You collected 128 gold pieces.

Inventory:

Missiles
 a - 9 arrows
 o - 10 poisoned darts (quivered)
Armour
 b - a +0 robe (melded)
 k - a +0 buckler
Jewellery
 n - a +3 ring of evasion {unknown}
 r - an uncursed amulet of harm {unknown}
Wands
 v - a wand of acid (11)
Scrolls
 c - 4 scrolls of teleportation {unknown}
 e - a scroll of blinking {unknown}
 f - a scroll of amnesia {unknown}
 h - a scroll of immolation {unknown}
 l - a scroll of fog {unknown}
 p - 3 scrolls of remove curse {unknown}
 q - 3 scrolls of identify {unknown}
 t - a scroll of enchant weapon {unknown}
 u - a scroll of random uselessness {unknown}
Potions
 g - a potion of curing {unknown}
 i - 2 potions of haste {unknown}
 j - a potion of brilliance {unknown}
 m - 3 potions of might {unknown}
 s - 2 potions of degeneration {unknown}
Comestibles
 d - 8 rations


   Skills:
 - Level 1.0 Fighting
 - Level 1.5 Dodging
 + Level 5.6 Stealth
 + Level 4.7 Unarmed Combat
 - Level 2.0 Spellcasting
 - Level 3.4 Transmutations
 - Level 2.0 Poison Magic


You had 3 spell levels left.
You knew the following spells:

 Your Spells              Type           Power        Failure   Level  Hunger
a - Beastly Appendage     Tmut           ##....       16%         1    #......
b - Spider Form           Tmut/Pois      #.........   43%         3    ###....
c - Sticks to Snakes      Tmut           ##......     22%         2    ###....

Your spell library contained the following spells:

 Spells                   Type           Power        Failure   Level  Hunger
 Ice Form                 Ice/Tmut       #.......     88%         4    #####..
 Blade Hands              Tmut           ##........   94%         5    ######.


Dungeon Overview and Level Annotations

Branches:
Dungeon (4/15)            Ossuary (1/1)
 Temple: D:4-7

Altars:
Cheibriados
Dithmenos
Gozag
Nemelex Xobeh
Xom
The Shining One


Innate Abilities, Weirdness & Mutations

You cannot wear boots.
((Your serpentine skin is tough. (AC +2)))
You have supernaturally acute eyesight. (SInv)
((Armour fits poorly on your strangely shaped body.))
((Your system is resistant to poisons. (rPois)))
((You cover ground very slowly.))
You have a slow metabolism.
You can spit poison.


Message History

The hobgoblin zombie hits you.
You hit the mummy but do no damage.
The mummy is severely damaged.
The mummy closely misses you. The hobgoblin zombie barely misses you.
You bite the mummy!
You destroy the mummy!
Your transformation is almost over.
You hit the mummy.
The mummy is lightly damaged.
The hobgoblin zombie closely misses you.
You hit the mummy.
The mummy is moderately damaged.
The mummy misses you. The hobgoblin zombie misses you.
You hit the mummy.
The mummy is moderately damaged.
The hobgoblin zombie hits you.
You hit the mummy.
The mummy is heavily damaged.
The mummy hits you!!
You die...

......M.......
............Z
...........
#........
#...... #....#
#....# #.ZM.#
#..s.# #....#
#....# #....#
#....# #.∩∩.#
######


You could see a mummy and a hobgoblin zombie.

Vanquished Creatures
  A hound (D:3)
  Natasha (thrice) (D:3)
  2 mummies (Ossuary)
  A howler monkey skeleton (D:4)
  4 gnolls (D:3)
  3 adders
  2 oozes
  A worm (D:2)
  A dart slug (D:3)
  2 leopard geckos (D:3)
  An orc (D:3)
  8 bats
  3 giant cockroaches
  A gnoll zombie (Ossuary)
  5 goblins
  9 hobgoblins
  13 jackals
  2 quokkas
  2 ball pythons
  3 frilled lizards
  A hobgoblin zombie (Ossuary)
  12 kobolds
  2 kobold zombies (Ossuary)
  An orc zombie (Ossuary)
  10 rats
93 creatures vanquished.

Vanquished Creatures (collateral kills)
  An orc zombie (Ossuary)
1 creature vanquished.

Vanquished Creatures (others)
  A hobgoblin (D:3)
1 creature vanquished.

Grand Total: 95 creatures vanquished

Notes
Turn   | Place    | Note
-------+----------+-------------------------------------------
     0 | D:1      | Heliosone the Naga Transmuter began the quest for the Orb.
     0 | D:1      | Reached XP level 1. HP: 18/18 MP: 3/3
   151 | D:1      | Reached XP level 2. HP: 15/25 MP: 5/5
   899 | D:1      | Reached XP level 3. HP: 23/31 MP: 6/6
   904 | D:1      | Learned a level 3 spell: Spider Form
  1637 | D:1      | Learned a level 2 spell: Sticks to Snakes
  1854 | D:2      | Reached skill level 1 in Poison Magic
  2176 | D:2      | Reached skill level 1 in Stealth
  2399 | D:2      | Reached XP level 4. HP: 19/38 MP: 7/7
  2711 | D:2      | Found a shimmering altar of Xom.
  3048 | D:3      | Reached skill level 2 in Stealth
  3492 | D:3      | Reached skill level 3 in Stealth
  3907 | D:3      | Reached XP level 5. HP: 33/44 MP: 8/8
  3944 | D:3      | Noticed Natasha
  3956 | D:3      | Killed Natasha
  4193 | D:3      | Reached skill level 4 in Stealth
  4202 | D:3      | Noticed Natasha
  4221 | D:3      | Killed Natasha
  4530 | D:3      | Reached XP level 6. HP: 51/51 MP: 9/9
  4731 | D:3      | Noticed Natasha
  4747 | D:3      | Killed Natasha
  4747 | D:3      | Reached skill level 5 in Stealth
  5050 | D:4      | Found a snail-covered altar of Cheibriados.
  5061 | D:4      | Found a sparkling altar of Nemelex Xobeh.
  5063 | D:4      | Found a glowing golden altar of the Shining One.
  5063 | D:4      | Found an opulent altar of Gozag.
  5065 | D:4      | Found a shadowy altar of Dithmenos.
  5130 | D:4      | Found a sand-covered staircase.
  5135 | Ossuary  | Entered an ossuary
  5300 | Ossuary  | Slain by a mummy

Levels and vault maps discovered:
D:1:      dpeg_cavernosity, layout_loops_ring
D:2:      layout_loops_ring, first_ration, lemuel_altar_in_water
D:3:      layout_rooms, chequers_serial_rivers_room_b, uniq_natasha
D:4:      layout_basic, minitemple, enter_ossuary_5, item_on_display_b
Ossuary:  ossuary_tomb_3

Skill      XL: |  1  2  3  4  5  6 |
---------------+-------------------+-----
Transmutations | 3 |  3.4
Poison Magic   | 2 |  2.0
Stealth        | 1 3 4 5 |  5.6
Unarmed Combat | 4 |  4.7
Fighting       | |  1.0
Dodging        | |  1.5
Spellcasting   | |  2.0

Action                   |  1- 3 |  4- 6 || total
-------------------------+-------+-------++-------
Melee: Unarmed           |   141 |   208 ||   349
       Punch             |     1 |     4 ||     5
       Headbutt          |     1 |       ||     1
Throw: Dart              |       |     1 ||     1
 Cast: Spider Form       |     1 |    12 ||    13
       Beastly Appendage |     1 |       ||     1
       Sticks to Snakes  |       |     3 ||     3
 Abil: Spit Poison       |     9 |       ||     9
 Stab: Sleeping          |     4 |     4 ||     8
       Distracted        |     1 |     1 ||     2
  Eat: Chunk             |     1 |     7 ||     8
       Ration            |     1 |     1 ||     2
Armor: Robe              |    40 |    21 ||    61
       Skin              |       |     4 ||     4
Dodge: Dodged            |    69 |   145 ||   214
